Cogmind - Beta 9 @@@ ROGUE MODE // 2020.06.28 @ 17:53:52 Player: Ando Result: Destroyed by P-60 Hacker with Shock Rifle Performance ------------- Evolutions (3) 1500 Regions Visited (7) 1400 Robots Destroyed (61) 305 Value Destroyed (1919) 1919 Prototype IDs (5) 100 Alien Tech Used (0) 0 Bonus (0) 0 TOTAL SCORE: 5224 Bonus ------- None Cogmind --------- Core Integrity 0/700 Matter 188/300 Energy 110/265 System Corruption 2% Temperature Cool (1) Location -7/Factory Parts ------- Power (1) Improved Ion Engine Propulsion (3) Xenon Bombardment Thruster Utility (6) Weapon (3) Inventory (4) Heavy Ion Engine Improved Deuterium Engine Shock Absorption System Peak State ------------ Power Improved Deuterium Engine Propulsion Light Treads Medium Treads Medium Treads Utility Improved Heat Sink Improved Heat Sink Large Storage Unit High-capacity Storage Unit Enhanced Optical Array Improved Signal Interpreter Weapon Ion Cannon Improved Assault Rifle Advanced EMP Blaster Inventory Improved Ion Engine Heavy Ion Engine Light Nuclear Core Light Nuclear Core Light Angular Momentum Engine Medium Treads Medium Treads Medium Treads High-capacity Storage Unit Improved Targeting Computer Weapon Cycler Hardened Medium Armor Plating Shock Absorption System Shock Rifle Electrolaser Autogun Autogun Shotgun [Rating: 42] Favorites ----------- Power Heavy Ion Engine Engine Heavy Ion Engine Propulsion Light Treads Treads Light Treads Leg Aluminum Leg Flight Unit Xenon Bombardment Thruster Utility Large Storage Unit Device Improved Heat Sink Storage Large Storage Unit Processor Improved Signal Interpreter Protection Light Armor Plating Weapon Improved Assault Rifle Energy Gun Small Laser Energy Cannon Ion Cannon Ballistic Gun Improved Assault Rifle Ballistic Cannon Improved Light Cannon Launcher Advanced EMP Blaster Build | -11 -10 -10 -9 -8 -7 -7 -7 ------- Run | Scr Mat Min Mat Mat Fac Was Fac Slots Evolved 6 | . . . 2 2 2 . . Power . | . . . . . . . . Propulsion 1 | . . . . 1 . . . Utility 4 | . . . 1 1 2 . . Weapon 1 | . . . 1 . . . . Parts Attached 69 | 6 7 1 16 14 16 4 5 Power 10 | 1 3 . 2 . 1 . 3 Engine 10 | 1 3 . 2 . 1 . 3 Core . | . . . . . . . . Reactor . | . . . . . . . . Propulsion 17 | 2 . . 2 7 3 2 1 Treads 14 | 2 . . 2 5 3 2 . Leg 2 | . . . . 2 . . . Wheel . | . . . . . . . . Hover . | . . . . . . . . Flight 1 | . . . . . . . 1 Utility 15 | 1 1 1 4 1 6 1 . Device 6 | . . . 1 1 4 . . Storage 4 | 1 1 1 1 . . . . Processor 2 | . . . . . 2 . . Hackware . | . . . . . . . . Protection 3 | . . . 2 . . 1 . Artifact . | . . . . . . . . Weapon 27 | 2 3 . 8 6 6 1 1 Energy Gun 6 | 1 1 . 1 3 . . . Energy Cannon 2 | . . . . . 2 . . Ballistic Gun 11 | 1 1 . 4 2 3 . . Ballistic Cannon 3 | . 1 . 2 . . . . Launcher 5 | . . . 1 1 1 1 1 Special Weapon . | . . . . . . . . Impact Weapon . | . . . . . . . . Slashing Weapon . | . . . . . . . . Piercing Weapon . | . . . . . . . . Special Melee Weapon . | . . . . . . . . Unidentified Prototypes 5 | . . . 3 2 . . . Parts Lost 15 | . 1 . 2 2 5 5 . Power 1 | . 1 . . . . . . Propulsion 7 | . . . 1 1 2 3 . Utility 3 | . . . . 1 1 1 . Weapon 4 | . . . 1 . 2 1 . Highest Loss Streak 5 | . 1 . 1 1 2 5 . Average Slot Usage (%) 91 | . 99 100 98 98 98 50 2 Engine 8 | . 14 14 11 9 7 3 . Treads 20 | . 28 28 22 18 22 11 . Leg 1 | . . . . 6 . . . Device 8 | . . . 1 9 18 7 . Storage 18 | . 27 28 22 18 15 7 . Processor 3 | . . . . . 11 8 . Protection 4 | . . . 8 8 . . . Energy Gun 2 | . 11 . . 4 . . . Energy Cannon 1 | . . . . . 5 3 . Ballistic Gun 16 | . 14 14 22 19 15 6 . Ballistic Cannon 3 | . 2 14 9 1 . . . Naked Turns 237 | . . . . . . 70 167 Heaviest Build 75 | 10 31 59 69 72 72 75 7 Greatest Support 76 | 40 40 40 40 76 76 76 7 Greatest Overweight (x) 3 | . . 1 1 3 1 2 . Average Overweight (x) . | . . . 1 1 . . . Largest Inventory Capacity 18 | 6 12 18 18 18 18 18 4 Average Capacity 16 | 5 11 15 18 18 18 11 4 Most Carried 18 | 6 12 13 18 18 18 18 4 Average Carried 14 | 3 9 12 16 17 14 11 3 Final Capacity 4 | . . . . . . . 4 Final Carried 3 | . . . . . . . 3 Class Distribution -------------------- 38% | Tank 30% | Skirmisher 24% | Mutant 6% | Gunner Dominant Class ---------------- Mutant | -10/Materials Mutant | -10/Mines Tank | -9/Materials Tank | -8/Materials Skirmisher | -7/Factory Mutant | -7/Waste Mutant | -7/Factory Resources | -11 -10 -10 -9 -8 -7 -7 -7 ----------- Run | Scr Mat Min Mat Mat Fac Was Fac Matter Collected 1769 | 218 143 21 548 258 581 . . Remotely 108 | . . . . . 108 . . Salvage Created 2585 | . 221 . 835 510 904 . 115 Parts 145 | . 19 . 47 25 48 . 6 Haulers Intercepted 3 | . . . . 1 2 . . Recyclers Shooed 4 | . . . 2 1 1 . . Parts Field Recycled . | . . . . . . . . Retrieved Matter . | . . . . . . . . Parts Self-Destructed . | . . . . . . . . Prevented . | . . . . . . . . Kills | -11 -10 -10 -9 -8 -7 -7 -7 ------- Run | Scr Mat Min Mat Mat Fac Was Fac Combat Hostiles Destroyed 46 | . 7 . 16 8 14 . 1 Guns 31 | . 5 . 9 8 9 . . Cannons 9 | . 2 . 5 . 2 . . AOE 6 | . . . 2 . 3 . 1 Classes Destroyed 11 | . 3 . 6 1 1 . . Worker 2 | . . . 1 . . . 1 Builder 4 | . 1 . 1 . 1 . 1 Hauler 3 | . . . . 1 2 . . Recycler 5 | . . . 3 . 1 . 1 Watcher 1 | . . . 1 . . . . Swarmer 10 | . 3 . 3 . 3 . 1 Grunt 22 | . 4 . 6 7 5 . . Brawler 1 | . . . 1 . . . . Duelist 2 | . . . 1 . 1 . . Sentry 8 | . . . 5 1 2 . . Programmer 3 | . . . . . 3 . . Best Kill Streak 9 | . 4 . 9 3 3 . 4 Combat Bots Only 6 | . 3 . 6 3 3 . 1 Max Kills in Single Turn 4 | . 1 . 3 1 2 . 4 Gunslinging . | . . . . . . . . Exploded 2 | . . . 2 . 2 . 1 Melee . | . . . . . . . . Uniques/NPCs Destroyed . | . . . . . . . . Combat | -11 -10 -10 -9 -8 -7 -7 -7 -------- Run | Scr Mat Min Mat Mat Fac Was Fac Damage Taken 3731 | . 417 . 682 598 1294 213 527 Core 857 | . 43 . 86 23 134 127 444 Absorbed by Shields . | . . . . . . . . Core Remaining (%) 88 | 100 . 82 78 95 . . . Volleys Fired 130 | . 20 . 35 20 53 1 1 Largest 3 | . 2 . 3 3 3 3 1 Hottest 119 | . 60 . 85 109 106 119 39 Shots Fired 363 | . 40 . 105 60 154 3 1 Gun 281 | . 33 . 77 54 116 1 . Cannon 73 | . 7 . 26 5 34 1 . Launcher 9 | . . . 2 1 4 1 1 Special . | . . . . . . . . Kinetic 298 | . 27 . 103 51 116 1 . Thermal 47 | . 13 . . 1 32 1 . Explosive 3 | . . . 2 . . . 1 Electromagnetic 15 | . . . . 8 6 1 . Robot Hit Streak 16 | . 7 . 16 11 16 . 2 Robot Miss Streak 4 | . 3 . 4 2 2 . . Penetration Max . | . . . . . . . . Secondary Targets 1 | . 1 . . . . . . Max Gunslinging Chain 1 | . 1 . . . . . . Shots Hit Robots 254 | . 26 . 76 45 106 . 1 Core Hits 123 | . 12 . 40 24 42 . 5 Critical Hits 1 | . . . . . 1 . . Critical Kills . | . . . . . . . . Critical Parts Destroyed 1 | . . . . . 1 . . Melee Attacks . | . . . . . . . . Impact . | . . . . . . . . Slashing . | . . . . . . . . Piercing . | . . . . . . . . Sneak Attacks . | . . . . . . . . Combat Hostiles . | . . . . . . . . Follow-up Attacks . | . . . . . . . . Damage Inflicted 4716 | . 345 7 1490 746 1838 17 273 Guns 2944 | . 279 . 859 678 1115 13 . Cannons 1062 | . 66 . 403 17 576 . . Explosions 703 | . . . 228 51 147 4 273 Melee . | . . . . . . . . Ramming 7 | . . 7 . . . . . Kinetic 3195 | . 248 . 1262 557 1115 13 . Thermal 680 | . 97 . . 30 553 . . Explosive 501 | . . . 228 . . . 273 Electromagnetic 333 | . . . . 159 170 4 . Impact . | . . . . . . . . Slashing . | . . . . . . . . Piercing . | . . . . . . . . Highest Corruption 2 | . 1 1 . 1 2 2 2 Average Corruption 1 | . 1 1 . 1 1 2 2 Corruption Purged . | . . . . . . . . Effects 14 | . 2 1 . 4 3 4 . Message Errors 4 | . . . . 2 2 . . Heat Flow Errors 2 | . . . . . . 2 . Energy Discharges 3 | . . . . 1 . 2 . Data Loss (minor) 3 | . 1 1 . . 1 . . Targeting Errors 2 | . 1 . . 1 . . . Overload Shots . | . . . . . . . . Overflow Damage 29 | . . . 7 2 20 . . Projectiles 21 | . . . . 2 19 . . Explosions 8 | . . . 7 . 1 . . Melee . | . . . . . . . . Knockbacks 2 | . 1 . . 1 . . . Impact . | . . . . . . . . Kinetic 2 | . 1 . . 1 . . . Secondary . | . . . . . . . . Self-Inflicted Damage 52 | . . . . 27 . 25 . Shots 2 | . . . . 1 . 1 . Rammed 2 | . . 2 . . . . . Targets Rammed 2 | . . 2 . . . . . Kicked . | . . . . . . . . Crushed . | . . . . . . . . Highest Temperature 252 | . 43 . 197 252 2 123 5 Average Temperature 47 | . 19 . 44 64 2 70 5 Received Heat Transfer 1023 | . 96 . 240 216 387 . 84 Effects 2 | . . . . 2 . . . Interference 2 | . . . . 2 . . . Siege Activations . | . . . . . . . . Robots Corrupted . | . . . . . . . . Combat Hostiles . | . . . . . . . . Parts Fried 1 | . . . . 1 . . . Impact Corruptions . | . . . . . . . . Robots Melted . | . . . . . . . . Combat Hostiles . | . . . . . . . . Parts Melted 1 | . . . . . 1 . . Heat Transferred 1126 | . 225 . . 50 851 . . Parts Sabotaged . | . . . . . . . . Parts Stolen . | . . . . . . . . Parts Stripped . | . . . . . . . . Power Chain Reactions 1 | . . . . 1 . . . Missiles Intercepted . | . . . . . . . . Alert | -11 -10 -10 -9 -8 -7 -7 -7 ------- Run | Scr Mat Min Mat Mat Fac Was Fac Peak Influence 247 | . 174 . 247 86 247 45 100 Average Influence 70 | . 99 . 85 46 100 23 24 Maximum Alert Level 1 | . . . 1 . 1 . . Low Security (%) 97 | . . . . . . . . Level 1 2 | . . . . . . . . Level 2 . | . . . . . . . . Level 3 . | . . . . . . . . Level 4 . | . . . . . . . . Level 5 . | . . . . . . . . High Security . | . . . . . . . . Max Security . | . . . . . . . . Squads Dispatched 6 | . . . 1 2 3 . . Investigation 2 | . . . . 2 . . . Extermination 1 | . . . . . 1 . . Reinforcement 3 | . . . 1 . 2 . . Assault . | . . . . . . . . Garrison . | . . . . . . . . Intercept . | . . . . . . . . Construction Impeded 1 | . . . 1 . . . . Haulers Reinforced . | . . . . . . . . Stealth | -11 -10 -10 -9 -8 -7 -7 -7 --------- Run | Scr Mat Min Mat Mat Fac Was Fac Distress Signals 7 | . 3 . 3 . 1 . . Communications Jammed . | . . . . . . . . Distress Signals . | . . . . . . . . Times Spotted 92 | . 15 . 27 14 22 6 8 Peak Tracking Total 6 | . 6 . 6 5 4 6 4 Tactical Retreats 9 | . 1 . . 1 3 1 3 Traps | -11 -10 -10 -9 -8 -7 -7 -7 ------- Run | Scr Mat Min Mat Mat Fac Was Fac Traps Triggered 7 | . 3 . . . 4 . . Indirectly . | . . . . . . . . Trap Hack Attempts . | . . . . . . . . Triggered . | . . . . . . . . Disarmed . | . . . . . . . . Reprogrammed . | . . . . . . . . Reused . | . . . . . . . . Traps Extracted . | . . . . . . . . Installed . | . . . . . . . . Triggered . | . . . . . . . . Machines | -11 -10 -10 -9 -8 -7 -7 -7 ---------- Run | Scr Mat Min Mat Mat Fac Was Fac Machines Disabled 4 | . . . . 2 1 . 1 Max in Single Turn 2 | . . . . 2 1 . 1 Machines Sabotaged . | . . . . . . . . Garrisons Compromised . | . . . . . . . . Overloaded Fab Kills . | . . . . . . . . Fab Network Shutdowns . | . . . . . . . . Hacking | -11 -10 -10 -9 -8 -7 -7 -7 --------- Run | Scr Mat Min Mat Mat Fac Was Fac Machines Accessed 10 | . 1 . 5 3 1 . . Terminals 8 | . 1 . 4 2 1 . . Fabricators . | . . . . . . . . Repair Stations . | . . . . . . . . Recycling Units 1 | . . . . 1 . . . Scanalyzers 1 | . . . 1 . . . . Garrison Access . | . . . . . . . . Total Hacks 34 | . 2 . 14 12 6 . . Successful 24 | . 2 . 10 8 4 . . Failed 10 | . . . 4 4 2 . . Catastrophic 1 | . . . 1 . . . . Database Lockouts . | . . . . . . . . Manual 14 | . . . 6 8 . . . Terminals 29 | . 2 . 12 9 6 . . Fabricators . | . . . . . . . . Repair Stations . | . . . . . . . . Recycling Units 3 | . . . . 3 . . . Scanalyzers 2 | . . . 2 . . . . Garrison Access . | . . . . . . . . Terminal Hacks 15 | . 2 . 6 3 4 . . Robot Analysis 3 | . 2 . . 1 . . . Branch Access Points 1 | . . . . . 1 . . Unreport Threat 7 | . . . 3 2 2 . . Locate Traps 1 | . . . . . 1 . . Registered Components 1 | . . . 1 . . . . Zone Layout 2 | . . . 2 . . . . Fabricator Hacks . | . . . . . . . . Repair Station Hacks . | . . . . . . . . Recycling Unit Hacks 3 | . . . . 3 . . . Process 1 | . . . . 1 . . . Retrieve Matter 1 | . . . . 1 . . . Retrieve Components 1 | . . . . 1 . . . Scanalyzer 2 | . . . 2 . . . . Insert Component 1 | . . . 1 . . . . Analyze 1 | . . . 1 . . . . Garrison Access Hacks . | . . . . . . . . Unauthorized Hacks 9 | . . . 4 5 . . . Terminals 4 | . . . 2 2 . . . Botnet 4 | . . . 2 2 . . . Fabricators . | . . . . . . . . Repair Stations . | . . . . . . . . Recycling Units . | . . . . . . . . Scanalyzers . | . . . . . . . . Garrison Access . | . . . . . . . . Data Cores Recovered . | . . . . . . . . Used . | . . . . . . . . Hacking Detections 7 | . . . 3 3 1 . . Full Trace Events 2 | . . . . 2 . . . Feedback Events 1 | . . . . 1 . . . Corruption 1 | . . . . 1 . . . Feedback Blocked . | . . . . . . . . Robot Schematics Acquired . | . . . . . . . . Robots Built . | . . . . . . . . Matter . | . . . . . . . . Time . | . . . . . . . . Total Robot Build Rating . | . . . . . . . . Part Schematics Acquired 1 | . . . 1 . . . . Parts Built . | . . . . . . . . Matter . | . . . . . . . . Time . | . . . . . . . . Total Part Build Rating . | . . . . . . . . Parts Repaired . | . . . . . . . . Time . | . . . . . . . . Parts Recycled . | . . . . . . . . Recycled Matter 117 | . . . . 117 . . . Retrieved Matter 117 | . . . . 117 . . . Retrieved Components . | . . . . . . . . Parts Scanalyzed 1 | . . . 1 . . . . Part Schematics Acquired 1 | . . . 1 . . . . Parts Damaged . | . . . . . . . . Bothacking | -11 -10 -10 -9 -8 -7 -7 -7 ------------ Run | Scr Mat Min Mat Mat Fac Was Fac Used RIF Installer . | . . . . . . . . Robots Hacked . | . . . . . . . . Non-combat . | . . . . . . . . Combat . | . . . . . . . . Robot Hacks Applied . | . . . . . . . . Relay Couplers Released 4 | . . . . . 4 . . Programmers 4 | . . . . . 4 . . Robots Rewired . | . . . . . . . . Allies Hacked . | . . . . . . . . Hacks Repelled . | . . . . . . . . Allies | -11 -10 -10 -9 -8 -7 -7 -7 -------- Run | Scr Mat Min Mat Mat Fac Was Fac Total Allies . | . . . . . . . . Largest Group . | . . . . . . . . Highest-Rated Group . | . . . . . . . . Highest-Rated Ally . | . . . . . . . . Total Orders . | . . . . . . . . Ally Attacks . | . . . . . . . . Total Damage . | . . . . . . . . Kills . | . . . . . . . . Allies Corrupted . | . . . . . . . . Allies Melted . | . . . . . . . . Intel | -11 -10 -10 -9 -8 -7 -7 -7 ------- Run | Scr Mat Min Mat Mat Fac Was Fac Robot Analysis Total 3 | . 2 . . 1 . . . Derelict Logs Recovered . | . . . . . . . . Drone Launches . | . . . . . . . . Drone Recoveries . | . . . . . . . . Exploration | -11 -10 -10 -9 -8 -7 -7 -7 ------------- Run | Scr Mat Min Mat Mat Fac Was Fac Turns Passed 4413 | 115 405 209 1031 1000 1281 162 210 Spaces Moved 2450 | 68 195 116 451 456 557 191 416 Core 475 | 7 . . . . . 140 328 Treads 1887 | 61 195 116 451 456 557 51 . Legs . | . . . . . . . . Wheels . | . . . . . . . . Hover . | . . . . . . . . Flight 88 | . . . . . . . 88 Fastest Speed 40 | 50 160 160 180 163 160 50 40 Average Speed 146 | 148 160 171 180 187 172 79 47 Slowest Speed 230 | 160 160 180 180 230 186 200 50 Overloaded Moves . | . . . . . . . . Propulsion Burnouts . | . . . . . . . . Robots Hopped . | . . . . . . . . Cave-ins Triggered . | . . . . . . . . Exploration Rate (%) 30 | 5 30 20 48 30 17 82 15 Regions Visited 7 Branch Regions 1 Pre-discovered Areas . | . . . . . . . . Known Exits Taken . | . . . . . . . . Unknown Exits Taken 5 | 1 1 1 1 1 . . . Scrap Searched 1 | . . 1 . . . . . Spaces Dug . | . . . . . . . . Terrain Destroyed 25 | . . . 9 6 . . 10 Melee . | . . . . . . . . Projectile 1 | . . . 1 . . . . AOE 24 | . . . 8 6 . . 10 Actions | -11 -10 -10 -9 -8 -7 -7 -7 --------- Run | Scr Mat Min Mat Mat Fac Was Fac Total 2995 | 79 246 125 595 560 767 197 426 Wait 268 | . 22 3 73 40 129 1 . Move 2444 | 67 194 115 450 455 557 190 416 Hop . | . . . . . . . . Pick Up 42 | 6 2 1 9 13 10 . 1 Fast Attach 20 | 6 2 . 4 4 1 1 2 Attach 22 | . 1 . 3 2 11 2 3 Detach 5 | . 1 . 1 1 . . 2 Swap 28 | . 4 1 10 8 4 1 . Drop 30 | . . 1 10 17 . 1 1 Fire 130 | . 20 . 35 20 53 1 1 Melee . | . . . . . . . . Ram . | . . . . . . . . Kick . | . . . . . . . . Crush 2 | . . 2 . . . . . Escape Stasis 2 | . . . . . 2 . . Rewire 2 | . . 2 . . . . . Trap . | . . . . . . . . Miscellaneous . | . . . . . . . . Route ------- -11/Scrapyard -10/Materials (discovered 2 exits: [*Min x2]) -10/Mines -9/Materials (discovered 3 exits: *Mat / [*Min] / [*Sto]) -8/Materials -7/Factory (discovered 2 exits: Low x2) -7/Waste -7/Factory History --------- Turn | Location | Event 2 | -11/Scrapyard | Met Revision 17 16 | -11/Scrapyard | Discovered new exit (range 14) 116 | -11/Scrapyard | Entered Materials 220 | -10/Materials | Discovered new exit (range 10) 230 | -10/Materials | Discovered new exit (range 12) 331 | -10/Materials | Build established: Mutant 521 | -10/Materials | Entered Mines 632 | -10/Mines | Discovered new exit (range 10) 730 | -10/Mines | Entered Materials 730 | -9/Materials | Evolved 2 slots: Utility x1, Weapon x1 961 | -9/Materials | Discovered new exit (range 13) 1264 | -9/Materials | Discovered new exit (range 14) 1289 | -9/Materials | Build established: Tank 1484 | -9/Materials | Discovered new exit (range 13) 1761 | -9/Materials | Entered another Materials area 1761 | -8/Materials | Evolved 2 slots: Propulsion x1, Utility x1 2617 | -8/Materials | Discovered new exit (range 11) 2761 | -8/Materials | Entered Factory 2761 | -7/Factory | Evolved 2 slots: Utility x2 2815 | -7/Factory | Identified exit to Lower Caves 3045 | -7/Factory | Build established: Skirmisher 4042 | -7/Factory | Sucked down chute 4042 | -7/Factory | Entered Waste 4085 | -7/Waste | Spotted C-40 Crusher 4087 | -7/Waste | Spotted C-40 Crusher 4123 | -7/Waste | Crushed by Compactor (1 part destroyed, 2 dropped) 4126 | -7/Waste | Crushed by Compactor (1 part destroyed, 2 dropped) 4128 | -7/Waste | Crushed by Compactor (1 part destroyed, 2 dropped) 4129 | -7/Waste | Crushed by Compactor (1 part destroyed, 2 dropped) 4132 | -7/Waste | Crushed by Compactor (1 part destroyed, 2 dropped) 4152 | -7/Waste | Spotted C-40 Crusher 4152 | -7/Waste | Spotted C-40 Crusher 4154 | -7/Waste | Spotted C-40 Crusher 4157 | -7/Waste | Spotted C-40 Crusher 4163 | -7/Waste | Lost 5 parts (3n1u1w) 4194 | -7/Waste | Discovered new exit (range 12) 4204 | -7/Waste | Entered Factory 4331 | -7/Factory | Core integrity fell below 50% 4369 | -7/Factory | Core integrity fell below 20% 4414 | -7/Factory | Destroyed by P-60 Hacker with Shock Rifle Last Messages --------------- 04253_ Acquired Imp. Deuterium Engine. 04285_ K-01 Serf collects debris. [A new version of Cogmind is available, see F1 News page.] 04340_ K-01 Serf cleans the Fusion Modulator. 04360_ Matter Pump disabled. 04364_ K-01 Serf cleans the Matter Pump. 04373_ Acquired Xenon Bombardment Thruster. 04376_ Chain reaction triggered in Lgt. Ion Engine. 04376_ U-05 Engineer destroyed. 04376_ K-01 Serf collects debris. 04376_ Acquired Hvy. Rocket Launcher. 04378_ S-27 Virus destroyed. 04378_ Matter Pump disabled. 04378_ U-05 Engineer destroyed. 04378_ K-01 Serf destroyed. 04378_ R-06 Scavenger destroyed. 04381_ U-05 Engineer lays Concrete. 04401_ T-07 Excavator is excavating. 04407_ O-24 Administrator: "IFF HANDSHAKE FAILED. SECURING TERMINAL." 04409_ Dropped Hvy. Rocket Launcher. Map ----- +----------------------------------------------------+ | ?????????????????????????????????????????????????? | | ?????????????????????????????????????????????????? | | ###########??????????????????????????????????????? | | ######?????????????????????????????????? | | #?????????????????????????????????? | | #?????????????????????????????????? | | #?????????????????????????????????? | | ###+######## ????????????????????????? | | ##### # # ??????????????????????? | | ??### # # "?????????????????????? | | ??# # # """ """ # ""????????????????????? | | ??# + """ """ # ""????????????????????? | | ??### # """ """ # t ????????????????????? | | ????# # + """???????????????????? | | ????# #! # """ "?????????????????? | | ????# ############ """ ??????????????????? | | ????# #?# ! ### ??????????????????? | | ????# #?# * ## """ ""????????????????? | | ????# #?#! ## """ ""????????????????? | | ????# #?# ## """ """???????????????? | | ????# #?# / ## ????????????????? | | ??### ### ## """ """???????????????? | | ??# # ] ??# """ """ ??????????????? | | ??# ###+##### """ """ """ ??????????? | | ??# p ????????? | | ??# @ ????????? | | ??# ##???????????? | | ??# #????????????? | | ??# """ """ """ """ """ """ #????????????? | | ??# """ """ """ """ """ """ #????????????? | | ??# """ """ """ """ """ """ #????????????? | | ??# "Y" ???????????? | | ??# """ ??????????? | | ??# ? ?? ?? ???????????? | | ??#? ! ?????????????????????? | | ????? ######## ????????????????????? | | ?????? #????????????????????????????? | | ?????? ? ?????????????????????????????? | | ??????????? ?????????????????????????????? | | ??????????? ??????????????????????????????? | | ????????????###??????????????????????????????????? | | ?????????????????????????????????????????????????? | | ?????????????????????????????????????????????????? | | ?????????????????????????????????????????????????? | | ?????????????????????????????????????????????????? | | ?????????????????????????????????????????????????? | | ?????????????????????????????????????????????????? | | ?????????????????????????????????????????????????? | | ?????????????????????????????????????????????????? | | ?????????????????????????????????????????????????? | +----------------------------------------------------+ Best States ------------- Heat Dissipation 62 Energy Generation 16 Energy Capacity 290 Matter Stores 300 Matter Capacity 300 Sight Range 22 Robot Scan Range 10 Terrain Scan Density 10 Armor Coverage 150 Reclamation Efficiency 10 Evasion (%) 62 Recoil Reduction 3 Item Schematics ----------------- Hcp. Storage Unit | -9/Materials | Scanalyzed Robot Schematics ------------------ None Fabricated ------------ Nothing Alien Tech Used ----------------- None Achievements -------------- Use The Force root@ Challenges ------------ None Game ------ Seed BombImpactPurifier Manual? 0 Play Time 00:45:55 Cumulative 124.7 hours Start 2020.02.11 @ 18:11:01 End 2020.06.28 @ 17:53:52 Sessions 6 Manual Loads 0 Difficulty Rogue Special Mode None Game No. 32 Rogue 32 Adventurer 0 Explorer 0 Win Type - Total 0 Types 0/0/0/0/0/0/0 Lore% 15 Gallery% 30 Achievement% 15 Wizard Run 0 Options --------- ASCII 0 Keyboard 1 Movement Numpad Keybinds 0 Fullscreen 2 Font 14/SmallcapsGlow Map View 72x54 Tactical HUD 1 Map Filters NONE Filters NONE Steam X RUN: 96155707-481f-42e2-b9b3-f161f7f93f2e